AoeStats
← 青山新雨 夜观星河

Nomad

510304533Analyzed
4v4 RM · 3d ago on Sep 30, 2026· 53m 50s· 8 players
Game mode
Random Map
Map size
231×231
Population
200
Speed
Normal
Resources
Standard
Victory
Conquest
Starting age
Dark Age
Ending age
Imperial Age
RankedLock teamsTeams togetherTeam positionsShared explorationLock speedFull tech treeHidden civsTurbo modeCheats
Victory
Defeat
🇮🇩 Malians · Indonesia
1294
+8
🇮🇩 Varangians · Indonesia
1159
+13
🇮🇩 Vikings · Indonesia
974
+21
🇮🇩 Cumans · Indonesia
847
+26
🇲🇽 Huns · Mexico
1113
-18
1087
-17
1087
-17
🇨🇳 Franks · China
1060
-16
青山新雨 夜观星河
8:49 Loom
15:41 Feudal Age
19:41 Castle Age
18:44 Horse Collar
24:56 Double-Bit Axe
26:56 Wheelbarrow
26:22 Fishing Lines
27:04 Bow Saw
27:53 Medium Warships
35:48 Imperial Age
35:14 Ballistics
36:58 Conscription
38:53 Chemistry
38:02 Grand Trunk Road
39:31 Bloodlines
40:08 Hand Cart
40:33 Husbandry
42:25 Heavy Camel Rider
44:52 Light Cavalry
45:40 Scale Barding Armor
45:36 Padded Archer Armor
45:46 Forging
48:00 Hussar
49:26 Iron Casting
49:47 Chain Barding Armor
Neda
12:05 Loom
14:44 Feudal Age
18:35 Castle Age
17:43 Gold Mining
17:40 Double-Bit Axe
17:38 Horse Collar
18:32 Fletching
18:43 Padded Archer Armor
19:51 Bodkin Arrow
20:24 Bow Saw
21:23 Gold Shaft Mining
22:31 Wheelbarrow
21:43 Town Watch
23:34 Leather Archer Armor
24:03 Thumb Ring
25:16 Bloodlines
25:07 Husbandry
30:16 Hand Cart
32:46 Heavy Plow
33:42 Ballistics
35:01 Stone Mining
42:25 Imperial Age
42:31 Heavy Cavalry Archer
43:36 Parthian Tactics
43:14 Bracer
44:21 Conscription
47:22 Caravan
46:55 Cavalier
54:18 Two-Man Saw
有死之荣无生之辱
3:49 Loom
15:50 Feudal Age
22:29 Castle Age
罗添添
4:32 Loom
16:26 Feudal Age
17:24 Double-Bit Axe
18:17 Wheelbarrow
22:03 Fletching
22:24 Padded Archer Armor
26:41 Castle Age
30:31 Pikeman
48:27 Bow Saw
52:13 Light Cavalry
52:55 Husbandry
-[ V G B ]-
5:08 Loom
13:14 Feudal Age
18:31 Castle Age
33:40 Wheelbarrow
36:16 Horse Collar
36:22 Double-Bit Axe
38:12 Town Watch
41:20 Hand Cart
41:17 Forging
41:07 Scale Mail Armor
44:46 Imperial Age
42:17 Man-at-Arms
42:58 Squires
42:44 Arson
43:35 Chain Mail Armor
43:49 Town Patrol
43:13 Long Swordsman
44:50 Iron Casting
44:59 Tigui
44:53 Two-Handed Swordsman
46:05 Plate Mail Armor
45:58 Conscription
46:22 Heavy Plow
46:49 Bow Saw
46:34 Champion
Lagi Gabut
6:02 Loom
17:26 Feudal Age
27:32 Padded Archer Armor
27:22 Fletching
49:56 Fishing Lines
SL | WHITE_ACE
8:16 Loom
14:14 Feudal Age
14:50 Fishing Lines
15:08 Double-Bit Axe
20:51 Fletching
21:32 Horse Collar
25:29 Castle Age
25:57 Gold Mining
26:00 Stone Mining
26:21 Gillnets
27:07 Bow Saw
27:31 Bodkin Arrow
27:37 Padded Archer Armor
30:44 Leather Archer Armor
32:12 Careening
32:14 Clinker Construction
33:05 Gold Shaft Mining
33:17 Ballistics
33:09 Scale Mail Armor
33:20 Forging
34:08 Heavy Plow
35:45 Treadmill Crane
37:47 Town Watch
40:45 Imperial Age
39:09 Chain Mail Armor
41:05 Iron Casting
40:15 Elite Skirmisher
42:13 Chieftains
43:22 Ring Archer Armor
42:53 Bracer
43:43 Plate Mail Armor
44:14 Blast Furnace
44:19 Town Patrol
45:48 Bogsveigar
45:09 Elite Berserk
46:32 Conscription
53:45 Hoardings
[LOEL] - Vianella
14:40 Feudal Age
15:12 Fishing Lines
16:38 Bloodlines
16:29 Double-Bit Axe
22:15 Castle Age
21:58 Wheelbarrow
22:27 Forging
26:36 Gillnets
30:49 Vendel Legacy
32:15 Hand Cart
35:54 Gold Mining
37:15 Iron Casting
36:46 Scale Barding Armor
37:43 Bow Saw
43:22 Imperial Age
46:12 Husbandry
46:21 Elite Longship
47:05 Elite Varangian Guard
47:48 Squires
48:23 Gambesons
Connection lost

Rejoining the realm…

Still unreachable

The connection could not be restored.

Session expired

The server has moved on; the page needs a fresh start.